 Dungeon Crawl Stone Soup version 0.29-a0-418-gc0181ea820 (webtiles) character file.

Game seed: 15033566280535717056

55 jsc133 the Magician (level 3, 0/32 HPs)
             Began as a Troll Hedge Wizard on Apr 19, 2022.
             Slain by a quasit (3 damage)
             ... while paralysed
             ... on level 3 of the Dungeon on May 17, 2022.
             The game lasted 00:13:13 (1621 turns).

jsc133 the Magician (Troll Hedge Wizard)            Turns: 1621, Time: 00:13:14

Health: 0/32       AC:  4    Str: 24    XL:     3   Next: 67%
Magic:  4/5        EV:  1    Int: 12    God:
Gold:   60         SH:  0    Dex: -1 (9) Spells: 5/6 levels left

rFire   . . .      SeeInvis .   a - +0 dagger
rCold   . . .      Faith    .   (no shield)
rNeg    . . .      Spirit   .   b - +0 robe
rPois   .          Reflect  .   c - +0 hat
rElec   .          Harm     .   (no cloak)
rCorr   .          Rampage  .   (gloves unavailable)
Will    .....                   (boots unavailable)
Stlth   ..........              (no amulet)
HPRegen 0.90/turn               g - +6 ring of strength
MPRegen 0.09/turn               (no ring)

@: paralysed, slowed, lost dexterity
A: large, unfitting armour, claws 3, regeneration 1, shaggy fur 1, tough skin 1
a: no special abilities


You were on level 3 of the Dungeon.
You visited 1 branch of the dungeon, and saw 3 of its levels.

You collected 60 gold pieces.

Inventory:

Hand Weapons
 a - a +0 dagger (weapon)
Armour
 b - a +0 robe (worn)
 c - a +0 hat (worn)
Jewellery
 g - a +6 ring of strength (left claw)
Scrolls
 f - 2 scrolls of magic mapping {unknown}
 h - a scroll of fear {unknown}
 i - a scroll of vulnerability {unknown}
 j - a scroll of teleportation {unknown}
 m - 2 scrolls of identify {unknown}
 n - a scroll of torment {unknown}
 o - a scroll of poison {unknown}
Potions
 d - a potion of magic
 e - a potion of heal wounds {unknown}
 k - a potion of curing {unknown}
 l - a potion of cancellation {unknown}


   Skills:
 + Level 0.4 Fighting
 + Level 0.9 Short Blades
 + Level 2.2 Dodging
 + Level 1.2 Stealth
 + Level 2.3 Spellcasting
 + Level 0.7 Conjurations
 + Level 0.6 Summonings
 + Level 0.6 Translocations


You had 5 spell levels left.
You knew the following spells:

 Your Spells              Type           Power      Damage    Failure   Level
a - Magic Dart            Conj           12%        1d3       21%         1

Your spell library contained the following spells:

 Spells                   Type           Power      Damage    Failure   Level
 Slow                     Hex            4%         N/A       26%         1
 Blink                    Tloc           4%         N/A       30%         2
 Call Imp                 Summ           2%         N/A       30%         2
 Conjure Flame            Conj/Fire      2%         6-21      56%         3
 Mephitic Cloud           Conj/Pois/Air  1%         N/A       58%         3
 Confusing Touch          Hex            1%         N/A       61%         3
 Vampiric Draining        Necr           1%         2d6       61%         3


Dungeon Overview and Level Annotations

Branches:
Dungeon (3/15)

Altars:

Shops:
D:1 !

Annotations:
D:3 1 transporter, NateTC's ghost, amateur MiFi


Innate Abilities, Weirdness & Mutations

You are too large for most types of armour.
You have claws for hands.
Your natural rate of healing is unusually fast.
You are covered in fur. (AC +1)
You have tough skin. (AC +1)


Message History

The quasit barely misses you. The quasit claws you. x2
You feel clumsy.
The quasit bites you but does no damage.
The quasit claws you.
You feel clumsy.
The quasit claws you but does no damage.
The quasit barely misses you. x3; The quasit closely misses you.
The quasit completely misses you.
The quasit claws you but does no damage.
The quasit barely misses you.
The quasit claws you but does no damage. x2
You can't go up here!
You can't go down here!
The quasit bites you but does no damage.
The quasit closely misses you.
The quasit claws you but does no damage.
The quasit attacks as you move away! The quasit bites you.
You feel clumsy. The quasit claws you. The quasit barely misses you.
The quasit bites you but does no damage.
The quasit claws you but does no damage.
The quasit claws you.
You feel clumsy.
You have lost your dexterity.
The quasit bites you but does no damage.
The quasit claws you.
The quasit claws you but does no damage.
The quasit bites you.
* * * LOW HITPOINT WARNING * * *
The quasit claws you but does no damage.
The quasit claws you.
* * * LOW HITPOINT WARNING * * *
You feel clumsy. The quasit bites you.
* * * LOW HITPOINT WARNING * * *
The quasit claws you but does no damage.
The quasit completely misses you.
The quasit bites you but does no damage.
The quasit claws you but does no damage. x2
The quasit bites you.
You die...

. .. #.... #.#. ...
## # ###.#####
.###.##
#...#©...#......#
#..##...#.5.#...
####..#.....@#..#
#.....#..##.55W.# #
#.##..#.....#.....#.#
#.##..##.##..5###....
#.##...# ....?(.. ..#
#.##.#.##..##### #
#.##...†####.©.####..
#.#####.............#
#.##.............####


You could see 4 quasits and NateTC's ghost.

Vanquished Creatures
  An adder (D:2)
  A dart slug (D:2)
  6 ball pythons
  5 endoplasms
  2 giant cockroaches
  5 hobgoblins
  4 quokkas
  4 bats
  2 frilled lizards
  5 kobolds
  7 rats
42 creatures vanquished.

Vanquished Creatures (others)
  4 plants (D:1)
  6 withered plants (D:1)
10 creatures vanquished.

Grand Total: 52 creatures vanquished

Notes
Turn   | Place    | Note
-------+----------+-------------------------------------------
     0 | D:1      | jsc133 the Troll Hedge Wizard began the quest for the Orb.
     0 | D:1      | Reached XP level 1. HP: 16/16 MP: 2/2
   139 | D:1      | Upgraded the game from 0.29-a0-340-g6efceafd81 to
                  | 0.29-a0-418-gc0181ea820
   306 | D:1      | Reached XP level 2. HP: 13/24 MP: 4/4
   333 | D:1      | Found a faded altar of an unknown god.
   683 | D:1      | Found Plog's Distillery.
   866 | D:2      | Reached XP level 3. HP: 13/31 MP: 5/5
  1570 | D:3      | Found a transporter.
  1605 | D:3      | Found a transporter.
  1609 | D:3      | Noticed NateTC's ghost (amateur MiFi)
  1620 | D:3      | Lost dexterity.
  1621 | D:3      | Slain by a quasit

Illustrated notes

Levels and vault maps discovered:
D:1:      dpeg_arrival_radiant, layout_loops_ring,
          shapermc_ecumenical_altar_flowoftime, serial_shops, shop
D:2:      layout_basic, corexii_leaking_fountain, kennysheep_boxes
D:3:      layout_loops_ring, nicolae_overflow_crystal_walls, okawaru_trees_2,
          gammafunk_ghost_stat_death

Skill      XL: |  1  2 |
---------------+-------+-----
Dodging        | 2 |  2.2
Fighting       | |  0.4
Short Blades   | |  0.9
Stealth        | |  1.2
Spellcasting   | |  2.3
Conjurations   | |  0.7
Summonings     | |  0.6
Translocations | |  0.6

Action                   || total
-------------------------++-------
Melee: Dagger            ||   306
       Punch             ||     4
 Cast: Magic Dart        ||    49
Armor: Robe              ||   137
Dodge: Dodged            ||   161

Table legend: (Time is in decaauts)
 A = Elapsed time spent in this place.
 B = Non-inter-level travel time spent in this place.
 C = Inter-level travel time spent in this place.
 D = Time resting spent in this place.
 E = Time spent auto-exploring this place.
 F = Levels seen in this place.
 G = Mean time per level.
                   A        B        C        D        E       F      G
               +--------+--------+--------+--------+--------+-----+--------+
         Total |   1631 |   1631 |      0 |      0 |      0 |   3 |  543.7 |
       Dungeon |   1631 |   1631 |      0 |      0 |      0 |   3 |  543.7 |
               +--------+--------+--------+--------+--------+-----+--------+

Top non-repeatable levels by time:
     D:2: 811 daAuts
     D:1: 742 daAuts
     D:3: 77 daAuts
